Map: Lightshade LE

Players

Neeb - Winner!

  • Race: Protoss Protoss

Asuna

  • Race: Protoss Protoss

Event: DreamHack SC2 Masters 2021 Winter

VOD

Have the link to the VOD?

Description

Time

  • Played on: Oct. 6, 2021, 4:13 p.m.
  • Length: 10:03

All games in this series

Show
View Real Time Build Order
Export as new Build Order

Neeb Protoss - Winner!

Build Orders: Archon Immortal 

Get SALT Encoding   

  12  0:00  Probe  
  13  0:12  Probe  
  14  0:17  Pylon  
  14  0:24  Probe (Chrono Boost)  
  15  0:36  Probe (Chrono Boost)  
  15  0:37  Gateway  
  16  0:44  Probe (Chrono Boost)  
  16  0:46  Assimilator  
  17  0:51  Probe  
  17  0:54  Assimilator  
  18  1:03  Probe (Chrono Boost)  
  19  1:11  Gateway  
  19  1:15  Probe (Chrono Boost)  
  20  1:23  Probe (Chrono Boost)  
  21  1:25  Cybernetics Core  
  21  1:29  Probe  
  22  1:41  Probe  
  23  2:04  Warp Gate (Chrono Boost)  
  23  2:06  Pylon  
  23  2:20  Nexus  
  23  2:24  Stalker, Probe, Sentry  
  23  2:29  Pylon  
  28  2:36  Pylon  
  28  2:39  Probe  
  29  2:51  Sentry  
  31  2:54  Stalker  
  31  2:56  Shield Battery  
  33  2:59  Probe  
  34  3:11  Probe  
  35  3:17  Sentry  
  35  3:18  Pylon  
  39  3:32  Robotics Facility  
  39  3:34  Probe  
  39  3:35  Probe  
  39  3:47  Probe x2  
  39  3:48  Stalker  
  43  3:51  Stalker  
  45  3:59  Probe x2  
  47  4:04  Stalker  
  47  4:09  Sentry  
  51  4:11  Probe x2  
  53  4:19  Immortal (Chrono Boost), Pylon  
  53  4:23  Probe x2  
  59  4:33  Adept  
  59  4:35  Probe  
  59  4:37  Adept, Probe  
  65  4:48  Probe  
  65  4:50  Assimilator  
  65  4:51  Shield Battery  
  66  4:53  Observer  
  66  4:55  Stalker  
  66  4:57  Forge  
  70  5:05  Pylon  
  70  5:06  Probe  
  70  5:12  Assimilator  
  70  5:15  Twilight Council, Shield Battery  
  70  5:21  Phoenix  
  70  5:22  Immortal (Chrono Boost)  
  70  5:23  Probe x2  
  76  5:34  Protoss Ground Weapons Level 1 (Chrono Boost)  
  72  5:35  Probe  
  72  5:39  Immortal (Chrono Boost), Blink (Chrono Boost)  
  72  5:42  Pylon  
  73  5:45  Gateway  
  73  5:47  Gateway  
  73  5:53  Warp Prism  
  75  6:04  Adept x2  
  77  6:07  Pylon  
  77  6:10  Gateway  
  78  6:26  Stalker x2  
  78  6:28  Probe x2  
  81  6:36  Gateway  
  81  6:40  Probe  
  81  6:41  Gateway  
  81  6:46  Immortal  
  86  6:48  Probe  
  86  6:53  Stalker x2  
  91  6:57  Pylon  
  91  7:15  Stalker x3  
  95  7:16  Stalker  
  95  7:22  Stalker  
  95  7:40  Protoss Ground Weapons Level 2 (Chrono Boost)  
  95  7:43  Stalker x3  
  101  7:46  Pylon  
  101  7:47  Pylon  
  101  7:57  Charge (Chrono Boost)  
  101  8:04  Nexus  
  101  8:07  Pylon  
  101  8:09  Probe, Templar Archives  
  101  8:11  Probe  
  103  8:31  Photon Cannon  
  103  8:34  Probe  
  104  8:36  Photon Cannon  
  104  8:37  Shield Battery  
  104  8:44  Gateway  
  104  8:46  High Templar x2  
  104  8:47  Zealot x2, High Templar x2  
  116  8:50  Archon  
  116  8:51  Archon  
  116  8:53  Zealot  
  118  8:56  Pylon  
  118  9:03  Probe x2  
  120  9:11  Zealot x2  
  120  9:15  Probe  
  120  9:16  Probe  
  126  9:20  Zealot x2  
  130  9:27  High Templar  
  130  9:28  Zealot, High Templar  
  136  9:31  Archon  
  136  9:32  Zealot x2  
  140  9:40  Zealot  
  140  9:41  Pylon  
  140  9:42  Pylon  
Show
View Real Time Build Order
Export as new Build Order

Asuna Protoss 

Build Orders:  

Get SALT Encoding   

  12  0:00  Probe  
  13  0:12  Probe  
  14  0:17  Pylon  
  14  0:24  Probe  
  15  0:37  Gateway, Probe (Chrono Boost)  
  16  0:47  Assimilator, Probe (Chrono Boost)  
  17  0:52  Probe (Chrono Boost)  
  17  0:55  Assimilator  
  18  1:03  Probe (Chrono Boost)  
  19  1:07  Gateway  
  19  1:15  Probe (Chrono Boost)  
  20  1:20  Probe (Chrono Boost)  
  20  1:24  Cybernetics Core  
  21  1:29  Probe  
  22  1:33  Pylon  
  22  1:41  Probe  
  23  1:53  Probe  
  24  1:58  Warp Gate (Chrono Boost)  
  24  2:00  Stalker x2  
  28  2:06  Pylon  
  28  2:08  Probe  
  29  2:20  Probe  
  30  2:30  Stalker x2  
  34  3:01  Nexus  
  34  3:03  Stalker  
  34  3:04  Stalker  
  38  3:12  Pylon  
  38  3:19  Shield Battery  
  38  3:26  Probe  
  38  3:34  Twilight Council  
  38  3:41  Stalker  
  40  3:43  Stalker  
  40  3:45  Probe  
  43  3:54  Pylon  
  43  3:57  Probe  
  44  4:05  Adept  
  47  4:12  Adept, Blink (Chrono Boost)  
  47  4:14  Probe (Chrono Boost)  
  49  4:26  Probe (Chrono Boost)  
  49  4:30  Probe (Chrono Boost)  
  51  4:31  Probe (Chrono Boost)  
  51  4:35  Adept  
  51  4:36  Adept  
  56  4:41  Probe  
  56  4:42  Probe  
  58  4:53  Probe  
  58  4:54  Probe  
  58  4:56  Forge  
  60  5:05  Probe  
  61  5:07  Gateway  
  61  5:12  Gateway  
  61  5:15  Robotics Facility  
  59  5:24  Stalker  
  59  5:25  Stalker  
  59  5:34  Probe (Chrono Boost)  
  58  5:35  Shield Battery  
  59  5:44  Probe (Chrono Boost)  
  59  5:47  Stalker  
  61  5:51  Probe (Chrono Boost), Pylon  
  62  5:59  Photon Cannon  
  62  6:09  Probe x2  
  64  6:11  Observer  
  64  6:16  Pylon  
  65  6:21  Probe x2  
  67  6:29  Protoss Ground Weapons Level 1 (Chrono Boost)  
  61  6:33  Probe x2  
  61  6:38  Immortal (Chrono Boost)  
  63  6:44  Sentry x2  
  63  6:45  Probe  
  63  6:46  Assimilator  
  72  6:50  Stalker  
  72  6:53  Pylon  
  72  6:57  Pylon  
  72  7:03  Shield Battery  
  72  7:04  Stalker  
  73  7:09  Probe x2  
  71  7:21  Probe x2  
  71  7:22  Immortal (Chrono Boost)  
  74  7:33  Probe x2  
  74  7:36  Stalker  
  76  7:45  Probe  
  76  7:46  Probe  
  76  7:49  Stalker x2  
  76  7:51  Pylon  
  82  7:53  Stalker  
  82  7:58  Probe  
  85  8:01  Observer  
  85  8:05  Assimilator  
  85  8:11  Shield Battery  
  85  8:12  Pylon  
  85  8:25  Immortal  
  89  8:29  Probe  
  90  8:38  Robotics Bay  
  90  8:42  Nexus  
  90  8:44  Pylon  
  90  8:48  Stalker x2  
  90  8:54  Stalker  
  96  9:00  Probe x2  
  98  9:12  Probe  
  98  9:16  Gateway  
  99  9:20  Gateway  
  99  9:23  Shield Battery  
  99  9:24  Probe  
  99  9:28  Pylon  
  100  9:34  Gateway  
  100  9:45  Templar Archives  
  100  9:51  Photon Cannon  

Tags
 
Add a new tag
Caveats
  • Supply blocks, unpowered buildings, or Contaminate may cause inaccurate times.
  • Supply counts are checked every 10 seconds.